 Dungeon Crawl Stone Soup version 0.17.0-19-gb37c632 (console) character file.

1852 Kloppie the Skirmisher (level 9, 0/49 HPs)
             Began as a Vine Stalker Fighter on Nov 12, 2015.
             Slain by Yendor's ghost (8 damage)
             ... on level 7 of the Dungeon.
             The game lasted 00:11:44 (4567 turns).

Kloppie the Skirmisher (Vine Stalker Fighter)       Turns: 4567, Time: 00:11:44

Health: 0/49       AC: 13    Str: 26    XL:     9   Next: 12%
Magic:  0/10       EV:  6    Int:  8    God:
Gold:   99         SH: 10    Dex: 15    Spells: 0 memorised, 8 levels left

rFire  + . .     SeeInvis .     q - +2 whip (elec)
rCold  . . .     Clarity  +     l - +1 chain mail {rF+}
rNeg   . . .     SustAt   .     c - +0 shield
rPois  .         Gourm    .     (no helmet)
rElec  .         Spirit   +     (no cloak)
rCorr  .         Warding  .     i - +1 pair of gloves
rMut   .         Stasis   .     (no boots)
MR     +....                    w - amulet of clarity
Stlth  ..........               (no ring)
                                u - +5 ring of strength

@: lethally poisoned (0 -> -7), somewhat resistant to hostile enchantments,
extremely unstealthy
A: fangs 3, regeneration 2, magic shield, antimagic bite, no device heal 3, rot
immunity
a: no special abilities


You were on level 7 of the Dungeon.
You were hungry.

You visited 1 branch of the dungeon, and saw 7 of its levels.

You collected 272 gold pieces.
You spent 173 gold pieces at shops.

Inventory:

Hand Weapons
 a - a +1 flail
 q - a +2 whip of electrocution (weapon)
Missiles
 b - 5 poisoned needles
 r - 5 tomahawks (quivered)
Armour
 c - a +0 shield (worn)
 i - a +1 pair of gloves (worn)
 l - a +1 chain mail of fire resistance (worn)
Jewellery
 u - a +5 ring of strength (left hand)
 w - an amulet of clarity (around neck)
Scrolls
 d - a scroll of identify
 f - 2 scrolls of noise
 h - 4 scrolls of recharging
 k - 5 scrolls of remove curse
Potions
 g - 2 potions of curing
 j - a potion of agility
 p - 5 potions of haste {unknown}
 s - 3 potions of flight
 t - 3 potions of magic {unknown}
 z - a potion of lignification {unknown}
Comestibles
 e - 5 bread rations
 m - a slice of pizza
 n - 2 meat rations
 o - a royal jelly


   Skills:
 + Level 6.6 Fighting
 + Level 6.4 Maces & Flails
 + Level 6.0 Armour
 - Level 2.6 Shields


You had 8 spell levels left.
You didn't know any spells.

Dungeon Overview and Level Annotations

Branches:
Dungeon (7/15)
 Temple: D:4-7

Altars:
Dithmenos

Shops:
D:5 *   D:6 (

Annotations:
D:4 P0WERM0DE's ghost, amateur DgAE
D:7 Yendor's ghost, journeyman MfGl


Innate Abilities, Weirdness & Mutations

You have razor-sharp teeth.
You heal very quickly.
When hurt, damage is shared between your health and your magic reserves.
Your bite disrupts and absorbs the magic of your enemies.
Potions and wands cannot restore your health.
You are immune to rotting.


Message History

Okay, then.
Put on which piece of jewellery? (? for menu, Esc to quit)
You feel stronger.
u - a +5 ring of strength (left hand)
Things that are here:
a spear of venom; a scale mail
Things that are here:
a spear; a gnoll corpse You feel sick.
Yendor's ghost (journeyman Merfolk Gladiator) comes into view.
It is wielding a weapon of chaos.
Yendor's ghost turns its malevolent gaze towards you.
There is an open door here.
Yendor's ghost hits you!!
You are more poisoned.
You hit Yendor's ghost.
Yendor's ghost is lightly damaged.
You feel sick. You block the gnoll's attack. Yendor's ghost hits you!!
* * * LOW HITPOINT WARNING * * *
Yendor's ghost freezes you!
You die...

###.....# .......#
#......# #......#
###......# ........#
####...W.# #.....@g.#
#.#.#'################
#..)))...........#
################.#
####.# #.# #....## ...
#.#.... #.##.#....
..#.........


You could see Yendor's ghost and a gnoll.

Vanquished Creatures
  Pikel (D:6)
  The ghost of Kloppie the Skirmisher, a novice VSFi of Makhleb (D:6)
  An ogre (D:6)
  A slave (D:7)
  A phantom (D:6)
  A centaur (D:5)
  A giant frog (D:6)
  A gnoll sergeant (D:7)
  2 scorpions (D:6)
  4 wights (D:6)
  A giant frog zombie (D:5)
  An orc wizard (D:3)
  Natasha (twice) (D:3)
  3 worker ants
  The ghost of ShansongY the Skirmisher, a weakling HOBe of Trog (D:3)
  Robin (D:2)
  6 adders
  7 gnolls
  A shadow imp (D:5)
  An ooze (D:5)
  An adder skeleton (D:5)
  4 giant geckos
  11 orcs
  10 bats
  3 giant cockroaches
  13 goblins
  19 hobgoblins
  13 jackals
  8 kobolds
  A giant gecko skeleton (D:5)
  A giant gecko zombie (D:5)
  A giant newt (D:6)
  2 quokkas
  A quokka zombie (D:6)
  6 rats
132 creatures vanquished.

Notes
Turn   | Place    | Note
--------------------------------------------------------------
     0 | D:1      | Kloppie the Vine Stalker Fighter began the quest for the Orb.
     0 | D:1      | Reached XP level 1. HP: 11/11 MP: 2/2
    64 | D:1      | Reached XP level 2. HP: 13/16 MP: 3/3
   263 | D:1      | Reached XP level 3. HP: 19/19 MP: 4/4
   329 | D:1      | Reached skill level 3 in Fighting
   742 | D:2      | Noticed Robin
   751 | D:2      | Reached XP level 4. HP: 24/24 MP: 5/5
   772 | D:2      | Killed Robin
  1345 | D:3      | Noticed ShansongY's ghost (weakling HOBe)
  1372 | D:3      | Killed ShansongY's ghost
  1464 | D:3      | Reached XP level 5. HP: 28/28 MP: 6/6
  1938 | D:3      | Noticed Natasha
  1949 | D:3      | Killed Natasha
  1970 | D:3      | Noticed Natasha
  1981 | D:3      | Killed Natasha
  1981 | D:3      | Reached skill level 4 in Fighting
  2046 | D:3      | Gained mutation: You heal very quickly. [Vine Stalker growth]
  2046 | D:3      | Reached XP level 6. HP: 25/33 MP: 7/7
  2573 | D:4      | Noticed P0WERM0DE's ghost (amateur DgAE)
  2619 | D:5      | Entered Level 5 of the Dungeon
  2788 | D:5      | Found Eloef's Assorted Antiques.
  2793 | D:5      | Bought a scroll labeled YXTIUTE XEUXT for 22 gold pieces
  2793 | D:5      | Bought a fizzy puce potion for 19 gold pieces
  2793 | D:5      | Bought a scroll labeled QENOUFA ADOOGH for 22 gold pieces
  2793 | D:5      | Bought a scroll labeled CUTUCZ HULUR for 22 gold pieces
  2793 | D:5      | Bought a silver wand for 88 gold pieces
  3210 | D:5      | Reached XP level 7. HP: 25/38 MP: 6/8
  3566 | D:6      | Found a shadowy altar of Dithmenos.
  3792 | D:6      | Noticed Kloppie's ghost (novice VSFi)
  3799 | D:6      | Killed Kloppie's ghost
  3799 | D:6      | Reached skill level 5 in Fighting
  3799 | D:6      | Reached skill level 5 in Maces & Flails
  3799 | D:6      | Reached skill level 5 in Armour
  3799 | D:6      | Gained mutation: You have razor-sharp teeth. [Vine Stalker growth]
  3799 | D:6      | Reached XP level 8. HP: 41/44 MP: 9/9
  3894 | D:6      | Found Tyishoq's Weapon Emporium.
  4353 | D:7      | Noticed Pikel
  4429 | D:6      | Killed Pikel
  4429 | D:6      | Reached skill level 6 in Fighting
  4429 | D:6      | Reached XP level 9. HP: 5/49 MP: 3/10
  4565 | D:7      | Noticed Yendor's ghost (journeyman MfGl)
  4567 | D:7      | Slain by Yendor's ghost

Action                   |  1- 3 |  4- 6 |  7- 9 || total
-------------------------+-------+-------+-------++-------
Melee: Flail             |   117 |   274 |    97 ||   488
       Whip              |       |       |    10 ||    10
Throw: Tomahawk          |       |     9 |    10 ||    19
  Use: Potion            |       |     1 |     1 ||     2
       Scroll            |       |    12 |       ||    12
  Eat: Chunk             |       |     8 |     3 ||    11
       Fruit             |       |       |     1 ||     1
